 Dungeon Crawl Stone Soup version 0.21.1-1-g345015fe64 (webtiles) character file.

127 Mrkan the Poker (level 4, -8/41 HPs)
             Began as a Minotaur Berserker on May 4, 2018.
             Was a Believer of Trog.
             Killed by divine providence
             ... invoked by an orc priest
              (15 damage)
             ... on level 3 of the Dungeon.
             The game lasted 00:06:52 (2834 turns).

Mrkan the Poker (Minotaur Berserker)                Turns: 2834, Time: 00:06:52

Health: -8/41      AC:  9    Str: 22    XL:     4   Next: 85%
Magic:  3/3        EV:  9    Int:  4    God:    Trog [**....]
Gold:   168        SH:  0    Dex: 10    Spells: 3/3 levels left

rFire    . . .     SeeInvis .   a - +0 spear
rCold    . . .     Gourm    .   (no shield)
rNeg     . . .     Faith    .   n - +0 chain mail
rPois    .         Spirit   .   (helmet restricted)
rElec    .         Reflect  .   (no cloak)
rCorr    .         Harm     .   (no gloves)
MR       .....                  (no boots)
Stlth    ..........             (no amulet)
HPRegen  0.13/turn              (no ring)
MPRegen  0.08/turn              (no ring)

@: no status effects
A: retaliatory headbutt, horns 2
a: Berserk, Trog's Hand, Burn Spellbooks, Renounce Religion


You were on level 3 of the Dungeon.
You worshipped Trog.
Trog was pleased with you.
You were not hungry.

You visited 1 branch of the dungeon, and saw 3 of its levels.

You collected 168 gold pieces.

Inventory:

Hand Weapons
 a - a +0 spear (weapon)
Armour
 b - a +0 animal skin
 n - a +0 chain mail (worn)
Jewellery
 m - an uncursed ring of flight {unknown}
Scrolls
 d - 3 scrolls of enchant armour {unknown}
 f - a scroll of amnesia {unknown}
 g - a scroll of remove curse {unknown}
 h - 7 scrolls of identify {unknown}
 i - 4 scrolls of teleportation {unknown}
Potions
 e - 2 potions of curing {unknown}
 j - 4 potions of heal wounds {unknown}
 k - 2 potions of flight {unknown}
 l - 2 potions of magic {unknown}
 p - a potion of degeneration {unknown}
Comestibles
 c - 2 rations


   Skills:
 + Level 4.7 Fighting
 + Level 5.0 Polearms
 * Level 3.4 Armour
 + Level 3.0 Dodging


You had 3 spell levels left.
You didn't know any spells.

Dungeon Overview and Level Annotations

Branches:
Dungeon (3/15)

Altars:
Ashenzari


Innate Abilities, Weirdness & Mutations

You reflexively headbutt those who attack you in melee.
You have a pair of horns on your head.


Message History

The orc hits you but does no damage. The orc hits you with a dagger.
You puncture the orc wizard!
You kill the orc wizard!
Trog accepts your kill.
Trog appreciates your killing of a magic user.
Your Polearms skill increases to level 5!
Your Dodging skill increases to level 3!
The orc barely misses you. You furiously retaliate!
You headbutt the orc.
The orc priest miscasts a cantrip.
The orc hits you but does no damage.
The orc priest calls down the wrath of Beogh upon you.
Beogh smites you!
* * * LOW HITPOINT WARNING * * *
You hit the orc.
You kill the orc!
Trog accepts your kill.
The orc throws a tomahawk.
The tomahawk closely misses you.
The orc priest invokes the aid of Beogh against you.
Beogh smites you!
You die...

######### ##........
##.....#########
...............####
##......######.#(.
###...#.# #.#.#
...#.##.# #.#@#
##)#.##.# #.#.# #......#
#.#[# ##
##...##.######.#o###.$#
..............!.o....#.#
##...##.######...)......
........# ###.####.#.
##...#### #.# # #....#
#.##


You could see an orc priest and an orc.

Vanquished Creatures
  An orc wizard (D:3)
  2 adders
  A worm (D:2)
  2 dart slugs
  3 leopard geckos
  5 orcs (D:3)
  2 ball pythons
  5 bats
  2 giant cockroaches (D:2)
  8 goblins
  6 hobgoblins
  6 jackals
  7 kobolds
  3 quokkas (D:3)
  5 frilled lizards (D:2)
  6 rats
64 creatures vanquished.

Notes
Turn   | Place    | Note
-------+----------+-------------------------------------------
     0 | D:1      | Mrkan the Minotaur Berserker began the quest for the Orb.
     0 | D:1      | Reached XP level 1. HP: 19/19 MP: 0/0
   189 | D:1      | Reached skill level 4 in Polearms
   291 | D:1      | Reached XP level 2. HP: 24/27 MP: 1/1
   301 | D:1      | Found a shattered altar of Ashenzari.
  1129 | D:2      | Reached XP level 3. HP: 31/33 MP: 2/2
  1715 | D:2      | Reached ** piety under Trog
  2314 | D:3      | Reached XP level 4. HP: 24/41 MP: 3/3
  2481 | D:3      | Found a faded altar of an unknown god.
  2828 | D:3      | Reached skill level 5 in Polearms
  2834 | D:3      | Killed from afar by an orc priest

Skill      XL: |  1  2  3  4 |
---------------+-------------+-----
Polearms       | 4 5 |  5.0
Fighting       | 4 |  4.7
Armour         | 3 |  3.4
Dodging        | 3 |  3.0

Action                   |  1- 3 |  4- 6 || total
-------------------------+-------+-------++-------
Melee: Spear             |    88 |    56 ||   144
       Headbutt          |    17 |     7 ||    24
  Eat: Chunk             |     4 |     2 ||     6
Armor: Animal skin       |    16 |       ||    16
       Chain mail        |     7 |    32 ||    39
Dodge: Dodged            |    64 |    20 ||    84
